 Dungeon Crawl Stone Soup version 0.27-a0-1291-geefcff550b (webtiles) character file.

Game seed: 7489896230767316884

3976 lessens the Basher (level 10, -1/100 HPs)
             Began as an Ogre Brigand on June 15, 2021.
             Was a Believer of Trog.
             Slain by a fire elemental (5 damage)
             ... summoned by a deep elf pyromancer
             ... on level 8 of the Dungeon.
             The game lasted 00:11:07 (11189 turns).

lessens the Basher (Ogre Brigand)                  Turns: 11189, Time: 00:11:08

Health: -1/100     AC: 13    Str: 20    XL:     10   Next: 22%
Magic:  10/10      EV:  8    Int: 12    God:    Trog [**....]
Gold:   354        SH: 11    Dex: 10    Spells: 9/9 levels left

rFire    . . .     SeeInvis .   b - +2 flail (vorpal)
rCold    . . .     Faith    .   g - +0 tower shield
rNeg     . . .     Spirit   .   R - +0 acid dragon scales
rPois    .         Reflect  .   (helmet restricted)
rElec    .         Harm     .   F - +1 cloak
rCorr    +         Rampage  .   (gloves unavailable)
Will     +....                  (boots unavailable)
Stlth    ++........             (no amulet)
HPRegen  0.26/turn              f - +4 ring of evasion
MPRegen  0.12/turn              m - +4 ring of protection

@: no status effects
A: large, unfitting armour, tough skin 1
a: Renounce Religion, Berserk, Trog's Hand


You were on level 8 of the Dungeon.
You worshipped Trog.
Trog was pleased with you.
You visited 2 branches of the dungeon, and saw 9 of its levels.

You collected 354 gold pieces.

Inventory:

Hand Weapons
 a - a +2 dagger of venom
 b - a +2 vorpal flail (weapon)
 h - a +0 club
 k - a +2 dagger
 E - a +0 giant spiked club
 O - a +0 flail
 P - a +0 dire flail
Missiles
 c - 2 large rocks (quivered)
 d - 29 poisoned darts
 i - 217 stones
 j - 6 datura-tipped darts
 C - 15 boomerangs
Armour
 g - a +0 tower shield (worn)
 F - a +1 cloak (worn)
 R - +0 acid dragon scales (worn)
Jewellery
 f - a +4 ring of evasion (left hand)
 m - a +4 ring of protection (right hand)
 r - an amulet of faith
 D - a ring of flight
Scrolls
 l - a scroll of silence {unknown}
 n - 3 scrolls of fog {unknown}
 o - 3 scrolls of immolation {unknown}
 p - 3 scrolls of magic mapping {unknown}
 u - 3 scrolls of blinking {unknown}
 v - 2 scrolls of fear {unknown}
 y - 4 scrolls of teleportation {unknown}
 B - 2 scrolls of enchant armour {unknown}
 H - a scroll of enchant weapon {unknown}
 I - 4 scrolls of identify
 J - 2 scrolls of noise {unknown}
 L - a scroll of torment {unknown}
 M - a scroll of summoning {unknown}
 Q - a scroll of amnesia {unknown}
Potions
 q - a potion of attraction
 s - a potion of curing
 t - 2 potions of brilliance
 w - a potion of flight
 x - a potion of mutation
 z - a potion of invisibility
 A - a potion of heal wounds
 G - a potion of haste
 K - a potion of resistance {unknown}
 N - 3 potions of cancellation {unknown}


   Skills:
 + Level 6.5 Fighting
 - Level 1.7 Short Blades
 * Level 12.2 Maces & Flails
 - Level 2.0 Throwing
 - Level 1.1 Dodging
 - Level 2.9 Stealth


You had 9 spell levels left.
You didn't know any spells.
Your spell library contained the following spells:

 Spells                   Type           Power      Damage    Failure   Level
 Summon Small Mammal      Summ           0%         N/A       100%        1
 Call Imp                 Summ           0%         N/A       100%        2
 Call Canine Familiar     Summ           0%         N/A       100%        3
 Summon Guardian Golem    Hex/Summ       0%         N/A       100%        3
 Summon Ice Beast         Ice/Summ       0%         N/A       100%        4
 Summon Lightning Spire   Summ/Air       0%         N/A       100%        4


Dungeon Overview and Level Annotations

Branches:
Dungeon (8/15)             Temple (1/1) D:4
   Lair: D:8-11

Altars:
Ashenzari
Cheibriados
Dithmenos
Elyvilon
Fedhas
Gozag
Hepliaklqana
Kikubaaqudgha
Makhleb
Nemelex Xobeh
Okawaru
Qazlal
Ru
Sif Muna
Trog
Uskayaw
Vehumet
Wu Jian
Xom
Yredelemnul
Zin
The Shining One


Innate Abilities, Weirdness & Mutations

You are too large for most types of armour.
You have tough skin. (AC +1)


Message History

The deep elf pyromancer casts a spell at you.
The sticky flame hits you but does no damage.
You are covered in liquid flames!
You barely miss the deep elf pyromancer.
The deep elf pyromancer is almost dead.
You are covered in liquid flames!
You block the fire elemental's attack.
The deep elf pyromancer mumbles some strange words.
The deep elf pyromancer blinks!
Throw: 4 large rocks
Press: ? - help, Q - select action, (/) - cycle Shift-Dir - straight line, f/p - deep elf pyromancer
Aim: a deep elf pyromancer, wielding a +0 long sword and wearing a +0 leather armour of cold resistance (almost dead, poisoned, 48% to hit)
You throw a large rock.
The large rock completely misses the fire elemental.
The large rock hits the fire elemental!!
The fire elemental is heavily damaged.
You are covered in liquid flames!
* * * LOW HITPOINT WARNING * * *
The fire elemental hits you. The fire elemental burns you!
* * * LOW HITPOINT WARNING * * *
The fire elemental hits you. The fire elemental burns you!
* * * LOW HITPOINT WARNING * * *
The fire elemental barely misses you.
The deep elf pyromancer casts a spell at you.
The bolt of fire misses the fire elemental.
The bolt of fire misses you.
The bolt of fire hits the fire elemental.
The fire elemental completely resists.
You block the fire elemental's attack.
The fire elemental barely misses you. x2
Throw: 3 large rocks
Press: ? - help, Q - select action, (/) - cycle Shift-Dir - straight line, f/p - deep elf pyromancer
Aim: a deep elf pyromancer, wielding a +0 long sword and wearing a +0 leather armour of cold resistance (almost dead, poisoned, 50% to hit)
You throw a large rock. The large rock hits the fire elemental!
The fire elemental is heavily damaged.
You block the fire elemental's attack. The fire elemental hits you.
The fire elemental burns you!
* * * LOW HITPOINT WARNING * * *
The fire elemental barely misses you. You block the fire elemental's attack.
The fire elemental hits you. The fire elemental burns you!
You die...

.. . ....... ..
#####.......# ...
..#........# #.#.##
#..#........
......##.##........
......°#..#........
#.eEE@..........
#.....###E........# #.
#(... ##."...#..####..
.... #.[.#.#....#.. #..
###..##..........# ..
#..#.[..##........ .# .
.........##.......#...
####..#.#......##..#...
##.#####.###.#.###†.....


You could see a deep elf pyromancer (poisoned) and 3 fire elementals.

Vanquished Creatures
  A manticore (D:7)
  A hornet (D:8)
  A steam dragon (D:8)
  An acid dragon (D:7)
  3 water moccasins (D:7)
  An orc warrior (D:6)
  An ice beast (D:4)
  A black bear (D:4)
  A necrophage (D:5)
  3 ogres
  2 phantoms
  3 bullfrogs
  3 water moccasin zombies
  A scorpion (D:4)
  A water moccasin skeleton (D:7)
  3 killer bees (D:7)
  4 wights (D:6)
  A jelly (D:7)
  A howler monkey (D:7)
  2 centaur zombies
  2 bullfrog zombies (D:6)
  5 orc priests
  A human zombie (D:6)
  2 hounds (D:6)
  A centaur skeleton (D:5)
  3 iguanas
  A scorpion zombie (D:5)
  3 orc wizards
  3 killer bee zombies (D:6)
  A hound zombie (D:3)
  A hound skeleton (D:5)
  2 mummies (D:6)
  3 gnolls (D:6)
  A howler monkey zombie (D:6)
  5 adders
  A shadow imp (D:7)
  A white imp (D:6)
  An ufetubus (D:5)
  2 adder skeletons (D:4)
  A worm (D:3)
  18 orcs
  12 endoplasms
  2 giant cockroaches
  5 goblins
  4 hobgoblins
  2 jackals (D:1)
  7 kobolds
  2 quokkas
  6 ball pythons
  4 bats
  4 frilled lizards
  3 rats
144 creatures vanquished.

Vanquished Creatures (others)
  A white imp (D:8)
1 creature vanquished.

Grand Total: 145 creatures vanquished

Notes
Turn   | Place    | Note
-------+----------+-------------------------------------------
     0 | D:1      | lessens the Ogre Brigand began the quest for the Orb.
     0 | D:1      | Reached XP level 1. HP: 22/22 MP: 1/1
    75 | D:1      | Reached skill level 1 in Dodging
   183 | D:1      | Reached skill level 1 in Maces & Flails
   183 | D:1      | Reached XP level 2. HP: 12/29 MP: 2/2
  1011 | D:1      | Reached skill level 2 in Maces & Flails
  1017 | D:1      | Reached XP level 3. HP: 35/36 MP: 3/3
  2173 | D:3      | Found a radiant altar of Vehumet.
  2211 | D:3      | Reached skill level 3 in Maces & Flails
  2211 | D:3      | Reached XP level 4. HP: 19/44 MP: 4/4
  2866 | D:3      | Found a faded altar of an unknown god.
  3206 | D:4      | Found a staircase to the Ecumenical Temple.
  3235 | Temple   | Entered the Ecumenical Temple
  3306 | Temple   | Became a worshipper of Trog the Wrathful
  3356 | D:4      | Reached XP level 5. HP: 5/52 MP: 5/5
  3698 | D:4      | Reached skill level 4 in Maces & Flails
  3904 | D:4      | Noticed an ogre
  3934 | D:4      | Killed an ogre
  3935 | D:4      | Reached skill level 5 in Maces & Flails
  3935 | D:4      | Reached XP level 6. HP: 48/59 MP: 6/6
  4269 | D:4      | Noticed an ice beast
  4286 | D:4      | Killed an ice beast
  4287 | D:4      | Reached skill level 6 in Maces & Flails
  4348 | D:4      | Noticed a black bear
  4358 | D:4      | Killed a black bear
  4359 | D:4      | Reached XP level 7. HP: 54/66 MP: 7/7
  5197 | D:5      | Entered Level 5 of the Dungeon
  5277 | D:5      | Found a burning altar of Makhleb.
  5288 | D:5      | Reached skill level 7 in Maces & Flails
  5726 | D:5      | Reached * piety under Trog
  5727 | D:5      | Reached XP level 8. HP: 52/74 MP: 8/8
  5917 | D:5      | Found an iron altar of Okawaru.
  5931 | D:5      | Reached skill level 8 in Maces & Flails
  6024 | D:5      | Found a glowing silver altar of Zin.
  6898 | D:6      | Found a basalt altar of Yredelemnul.
  7224 | D:6      | Reached skill level 9 in Maces & Flails
  7847 | D:6      | Reached skill level 10 in Maces & Flails
  7847 | D:6      | Reached XP level 9. HP: 50/80 MP: 9/9
  8861 | D:7      | Noticed a manticore
  8889 | D:7      | Reached ** piety under Trog
  8900 | D:7      | Reached skill level 11 in Maces & Flails
  9248 | D:7      | Found a white marble altar of Elyvilon.
  9264 | D:7      | Killed a manticore
  9738 | D:7      | Reached skill level 5 in Fighting
  9738 | D:7      | Reached XP level 10. HP: 80/96 MP: 10/10
 10146 | D:7      | Reached skill level 12 in Maces & Flails
 10617 | D:8      | Paralysed by a hornet for 3 turns
 11168 | D:8      | Noticed a deep elf pyromancer
 11189 | D:8      | HP: 4/100 [fire elemental[a deep elf pyromancer] (7)]
 11189 | D:8      | Slain by a fire elemental

Illustrated notes

Levels and vault maps discovered:
D:1:      onia_arrival_mini_maze, layout_basic
D:2:      layout_loops_ring, chequers_serial_rivers_room_a
D:3:      layout_loops_corners, nicolae_vehumet_altar_sigil,
          shapermc_ecumenical_altar_flowoftime
D:4:      layout_basic, minmay_temple_entry_sparse_star, grunt_ministairs_6
D:5:      layout_basic, okawaru_metal_pillars_1_2, zin_scriptorium,
          makhleb_blood_cavern_becter
D:6:      layout_loops_corners, lemuel_mausoleum_altar_yredelemnul
D:7:      layout_basic, overflow_temple_1_default, chequers_garden
D:8:      layout_cave_pools, minivault_19, kennysheep_small_spiral
Temple:   nicolae_temple_x_marks_the_god

Skill      XL: |  1  2  3  4  5  6  7  8  9 10 |
---------------+-------------------------------+-----
Dodging        | 1 |  1.1
Maces & Flails | 1 2 3 5 6 7 10 11 12 | 12.2
Fighting       | 5 6 |  6.5
Short Blades   | |  1.7
Throwing       | |  2.0
Stealth        | |  2.9

Action                   |  1- 3 |  4- 6 |  7- 9 | 10-12 || total
-------------------------+-------+-------+-------+-------++-------
Melee: Dagger            |   105 |   101 |    70 |    33 ||   309
       Club              |       |     1 |       |       ||     1
       Flail             |       |    13 |   288 |    27 ||   328
Throw: Dart              |       |     1 |     1 |     2 ||     4
       Large rock        |       |       |    13 |     2 ||    15
Invok: Berserk           |       |       |     4 |       ||     4
  Use: Potion            |       |     3 |     2 |       ||     5
       Scroll            |       |       |     5 |       ||     5
 Stab: Sleeping          |     5 |     5 |    10 |       ||    20
Armor: Robe              |    29 |    37 |   108 |     4 ||   178
       Acid dragon scale |       |       |       |    29 ||    29
Dodge: Dodged            |    21 |    37 |   128 |    23 ||   209
Block: Tower shield      |    52 |    89 |   273 |    45 ||   459

Table legend: (Time is in decaauts)
 A = Elapsed time spent in this place.
 B = Non-inter-level travel time spent in this place.
 C = Inter-level travel time spent in this place.
 D = Time resting spent in this place.
 E = Time spent auto-exploring this place.
 F = Levels seen in this place.
 G = Mean time per level.
                   A        B        C        D        E       F      G
               +--------+--------+--------+--------+--------+-----+--------+
         Total |  11495 |  11245 |    250 |    882 |   8729 |   9 | 1277.2 |
       Dungeon |  11145 |  10917 |    228 |    882 |   8413 |   8 | 1393.1 |
        Temple |    350 |    328 |     22 |      0 |    316 |   1 |  350.0 |
               +--------+--------+--------+--------+--------+-----+--------+

Top non-repeatable levels by time:
     D:6: 2493 daAuts
     D:7: 2133 daAuts
     D:4: 1709 daAuts
     D:1: 1531 daAuts
     D:3: 1040 daAuts
     D:5: 974 daAuts
     D:2: 660 daAuts
     D:8: 601 daAuts
  Temple: 350 daAuts
